 Dungeon Crawl Stone Soup version 0.25-a0-403-g49d089a364 (webtiles) character file.

Game seed: 9778089386744050265, levelgen mode: deterministic

10128 DerDa the Fighter (level 11, -3/102 HPs)
             Began as a Minotaur Berserker on Jan 9, 2020.
             Was an Elder of Trog.
             Slain by a two-headed ogre
             ... wielding a +0 dire flail
             ... summoned by a boggart
              (12 damage)
             ... on level 9 of the Dungeon.
             The game lasted 00:26:34 (8800 turns).

DerDa the Fighter (Minotaur Berserker)              Turns: 8800, Time: 00:26:37

Health: -3/102     AC: 16    Str: 26    XL:     11   Next: 32%
Magic:  0/13       EV: 10    Int:  4    God:    Trog [****..]
Gold:   432        SH: 11    Dex:  9    Spells: 10/10 levels left

rFire    + . .     SeeInvis .   I - +0 long sword
rCold    . . .     Gourm    .   v - +0 shield
rNeg     . . .     Faith    .   z - +0 plate armour (curse)
rPois    .         Spirit   +   (helmet restricted)
rElec    .         Reflect  .   E - scarf {Spirit}
rCorr    +         Harm     .   h - +0 pair of gloves
MR       ++...                  j - +0 pair of boots
Stlth    ..........             (no amulet)
HPRegen  1.27/turn              f - ring of protection from fire
MPRegen  0.13/turn              B - ring of resist corrosion

@: berserk cooldown, regenerating, slowed, very slow
A: retaliatory headbutt, horns 2
a: Berserk, Trog's Hand, Brothers in Arms, Renounce Religion


You were on level 9 of the Dungeon.
You worshipped Trog.
Trog was greatly pleased with you.
You were very hungry.

You visited 2 branches of the dungeon, and saw 13 of its levels.
You also visited: Ossuary.

You collected 432 gold pieces.

Inventory:

Hand Weapons
 e - a cursed -3 hunting sling
 I - a +0 long sword (weapon)
Missiles
 d - 352 stones (quivered)
 l - 84 poisoned darts
 D - 36 bolts
Armour
 h - a +0 pair of gloves (worn)
 j - a +0 pair of boots (worn)
 v - a +0 shield (worn)
 z - a cursed +0 plate armour (worn)
 E - a scarf of spirit shield (worn)
Jewellery
 f - a ring of protection from fire (left hand)
 o - an uncursed ring of flight
 B - a ring of resist corrosion (right hand)
 G - an uncursed ring of fire
 O - an uncursed ring of poison resistance {unknown}
 Q - an uncursed ring of magical power {unknown}
Wands
 a - a wand of acid (9)
 w - a wand of paralysis (6)
 H - a wand of digging (3)
 N - a wand of polymorph (16)
Scrolls
 b - 2 scrolls of fog
 i - 2 scrolls of magic mapping
 m - a scroll of blinking
 n - 5 scrolls of immolation
 q - a scroll of acquirement {unknown}
 r - 4 scrolls of remove curse
 x - a scroll of enchant weapon
 y - a scroll of enchant armour
 C - 4 scrolls of teleportation
 F - a scroll of vulnerability {unknown}
 J - a scroll of random uselessness {unknown}
 M - 4 scrolls of identify
Potions
 g - 4 potions of curing
 k - 3 potions of mutation {unknown}
 p - a potion of berserk rage {unknown}
 s - 3 potions of haste {unknown}
 t - 3 potions of cancellation {unknown}
 u - 3 potions of lignification {unknown}
 A - 3 potions of ambrosia {unknown}
 L - 4 potions of invisibility {unknown}
 P - a potion of brilliance {unknown}
 R - a potion of magic
 T - 2 potions of resistance {unknown}
Miscellaneous
 K - a phial of floods
Comestibles
 c - 12 rations


   Skills:
 * Level 11.4 Fighting
 + Level 8.5 Long Blades
 + Level 8.1 Armour
 * Level 10.3 Dodging
 + Level 7.3 Shields
 + Level 4.7 Evocations


You had 10 spell levels left.
You didn't know any spells.
Your spell library was empty.

Dungeon Overview and Level Annotations

Branches:
Dungeon (12/15)            Temple (1/1) D:5            Lair (0/6) D:9
    Orc (0/2) D:9         Ossuary (visited)

Altars:
Ashenzari
Cheibriados
Dithmenos
Elyvilon
Fedhas
Gozag
Hepliaklqana
Kikubaaqudgha
Makhleb
Nemelex Xobeh
Okawaru
Qazlal
Ru
Sif Muna
Trog
Uskayaw
Vehumet
Wu Jian
Xom
Yredelemnul
Zin
The Shining One

Shops:
D:5 :

Annotations:
D:11 1 runed translucent door, ytaras's ghost, novice MiBe


Innate Abilities, Weirdness & Mutations

You reflexively headbutt those who attack you in melee.
You have a pair of horns on your head.


Message History

The boggart flickers and vanishes!
Deactivating autopickup; reactivate with Ctrl-A.
The two-headed ogre hits you but does no damage.
The two-headed ogre hits you with a +0 giant club!!
* * * LOW HITPOINT WARNING * * *
You feel better.
The two-headed ogre hits you with a +0 dire flail.
* * * LOW HITPOINT WARNING * * *
The two-headed ogre hits you with a +0 giant club.
* * * LOW HITPOINT WARNING * * *
You hear some strange, mumbled words.
The two-headed ogre hits you but does no damage.
The two-headed ogre barely misses you.
Your skin crawls.
You feel resistant to hostile enchantments.
You are feeling very hungry.
The boggart casts a spell.
The boggart blinks!
The two-headed ogre hits you with a +0 dire flail!
You die...

##### ##############
#.#.## #...@Ohl{gZ...
..#...
##.#############.#.##
#..Z...........#.#.#
##############.#.#.#
..........#.#.#
........###.#.##
........>......(
########..#.####
#.<.............


You could see a two-headed ogre, a boggart, an iguana, a hound and an adder
skeleton.

Vanquished Creatures
  A centaur warrior (D:8)
  2 ugly things (D:11)
  A hornet (D:9)
  A troll (D:11)
  Prince Ribbit (D:7)
  3 hippogriffs
  A vampire (D:11)
  7 yaks
  Eustachio (D:5)
  A human (D:7)
  A wraith (D:10)
  2 wyverns (D:11)
  3 hogs (D:7)
  2 hungry ghosts
  A soldier ant (D:11)
  2 orc warriors
  3 black bears
  A sky beast (D:11)
  An eye of draining (D:8)
  4 ogres
  2 phantoms
  4 centaurs
  3 boggarts (D:9)
  A big kobold (D:9)
  A gnoll sergeant (D:6)
  Blork the orc (D:6)
  2 bullfrogs
  2 wyvern zombies
  3 scorpions
  7 killer bees
  4 howler monkeys
  3 crimson imps
  8 bullfrog zombies (Ossuary)
  3 jellies
  A quasit (D:9)
  4 centaur zombies
  3 orc priests
  6 hounds
  3 bullfrog skeletons
  3 centaur skeletons
  An iguana (D:9)
  7 orc wizards
  6 worker ants
  3 hound zombies
  A howler monkey zombie (D:6)
  13 mummies
  5 gnolls (D:6)
  11 adders
  2 shadow imps
  2 oozes (D:2)
  7 adder zombies
  An adder skeleton (D:6)
  3 worms
  A dart slug (D:2)
  17 orcs
  4 ball pythons
  8 bats
  6 giant cockroaches
  5 hobgoblins
  3 jackals (D:5)
  7 quokkas
  8 frilled lizards
  2 giant cockroach zombies (Ossuary)
  7 goblins
  A goblin zombie (D:4)
  A hobgoblin zombie (D:4)
  A jackal zombie (D:5)
  11 kobolds
  A leopard gecko skeleton (D:4)
  A quokka skeleton (D:4)
  2 quokka zombies
  3 rats
254 creatures vanquished.

Vanquished Creatures (others)
  6 withered plants (Ossuary)
6 creatures vanquished.

Grand Total: 260 creatures vanquished

Notes
Turn   | Place    | Note
-------+----------+-------------------------------------------
     0 | D:1      | DerDa the Minotaur Berserker began the quest for the Orb.
     0 | D:1      | Reached XP level 1. HP: 19/19 MP: 0/0
    32 | D:1      | You fall into a shaft and drop 1 floor!
   283 | D:1      | Reached XP level 2. HP: 27/27 MP: 1/1
   461 | D:1      | Reached skill level 4 in Fighting
   925 | D:2      | Reached ** piety under Trog
   977 | D:2      | Reached XP level 3. HP: 23/33 MP: 2/2
  1416 | D:3      | Reached XP level 4. HP: 41/41 MP: 3/3
  1561 | D:3      | Found a shadowy altar of Dithmenos.
  2090 | D:4      | Noticed an ogre
  2101 | D:4      | Killed an ogre
  2101 | D:4      | Reached skill level 5 in Fighting
  2101 | D:4      | Reached skill level 1 in Shields
  2101 | D:4      | Reached XP level 5. HP: 48/48 MP: 4/4
  2117 | D:4      | Noticed an ogre
  2123 | D:4      | Killed an ogre
  2123 | D:4      | Reached XP level 6. HP: 54/56 MP: 5/5
  2327 | D:4      | Found an ornate altar of the Wu Jian Council.
  2416 | D:4      | Reached *** piety under Trog
  2427 | D:4      | Found a sand-covered staircase.
  2441 | Ossuary  | Entered an ossuary
  2513 | Ossuary  | Reached skill level 6 in Fighting
  2513 | Ossuary  | Reached skill level 5 in Dodging
  2513 | Ossuary  | Reached XP level 7. HP: 23/63 MP: 6/6
  2589 | Ossuary  | Reached skill level 5 in Long Blades
  2954 | Ossuary  | Reached **** piety under Trog
  3177 | Ossuary  | Reached skill level 7 in Fighting
  3177 | Ossuary  | Reached XP level 8. HP: 69/73 MP: 7/7
  3533 | D:5      | Entered Level 5 of the Dungeon
  3652 | D:5      | Found a faded altar of an unknown god.
  3654 | D:5      | Found a staircase to the Ecumenical Temple.
  3668 | Temple   | Entered the Ecumenical Temple
  3771 | D:5      | Noticed Eustachio
  3793 | D:5      | Reached skill level 5 in Armour
  3809 | D:5      | Killed Eustachio
  3809 | D:5      | Reached skill level 1 in Evocations
  3913 | D:5      | Found Okivoupy's Book Boutique.
  3920 | D:5      | Found a bloodstained altar of Trog.
  4168 | D:5      | Reached skill level 8 in Fighting
  4644 | D:6      | Reached XP level 9. HP: 59/82 MP: 6/9
  4680 | D:6      | Found a shimmering blue altar of Sif Muna.
  4832 | D:6      | Noticed Blork the orc
  4837 | D:6      | Killed Blork the orc
  5215 | D:7      | Found a basalt altar of Yredelemnul.
  5216 | D:7      | Found a hazy altar of Hepliaklqana.
  5475 | D:7      | Noticed Prince Ribbit
  5485 | D:7      | Killed Prince Ribbit
  5485 | D:7      | Reached skill level 5 in Shields
  5531 | D:7      | Reached skill level 9 in Fighting
  5548 | D:7      | Found a shimmering altar of Xom.
  5856 | D:7      | Reached ***** piety under Trog
  5856 | D:7      | Received a gift from Trog
  6104 | D:8      | Reached XP level 10. HP: 76/92 MP: 5/11
  6124 | D:8      | Noticed a centaur warrior
  6156 | D:7      | HP: 6/138 [hippogriff (2)]
  6516 | D:8      | Killed a centaur warrior
  6516 | D:8      | Reached skill level 10 in Fighting
  6825 | D:8      | You fall into a shaft and drop 3 floors!
  6964 | D:11     | Noticed a brown ugly thing
  6974 | D:11     | Killed a brown ugly thing
  7631 | D:11     | Found a runed translucent door.
  7653 | D:11     | Reached skill level 11 in Fighting
  7656 | D:11     | Noticed ytaras's ghost (novice MiBe)
  7716 | D:11     | Noticed a cyan ugly thing
  7725 | D:11     | Killed a cyan ugly thing
  7725 | D:11     | Reached skill level 10 in Dodging
  7725 | D:11     | Reached XP level 11. HP: 97/102 MP: 7/13
  7764 | D:10     | Entered Level 10 of the Dungeon
  7875 | D:9      | Found a staircase to the Orcish Mines.
  7996 | D:9      | Found a staircase to the Lair.
  8758 | D:9      | Noticed a two-headed ogre
  8767 | D:9      | Paralysed by fainting for 5 turns
  8798 | D:9      | HP: 2/102 [two-headed ogre/+0 dire flail[a boggart] (16)]
  8800 | D:9      | Slain by a two-headed ogre

Levels and vault maps discovered:
D:1:      eino_arrival_cavern_a, layout_basic, due_unseen_surprise
D:2:      layout_loops_ring
D:3:      layout_basic, grunt_dithmenos_smoke_and_mirrors
D:4:      wander_river, layout_basic, kennysheep_mini,
          nicolae_ossuary_entry_giza
D:5:      minmay_octagon_keep, layout_basic, bloody_trog,
          nicolae_temple_entry_ecumenical, serial_shops, shop, first_ration,
          uniq_eustachio
D:6:      layout_loops_ring, led_sif_pool, uniq_blork_the_orc
D:7:      layout_basic, grunt_temple_overflow_open, kennysheep_mini_moat,
          grunt_livestock, grunt_ministairs_14, uniq_prince_ribbit1
D:8:      layout_loops_ring
D:9:      layout_basic, lair_entry_dummy, orc_0_dummy
D:10:     layout_grid_maze, minmay_dual_archer_statues
D:11:     layout_rooms, hellmonk_ghost_happy_afterlife
D:12:     layout_stronghold, minmay_misc_feat_cross, uniq_urug, uniq_psyche
Temple:   eino_wide_crystal_templ

Skill      XL: |  1  2  3  4  5  6  7  8  9 10 11 |
---------------+----------------------------------+-----
Fighting       | 4 5 6 7 8 9 11 | 11.4
Long Blades    | 4 5 6 7 8 |  8.5
Dodging        | 3 4 5 7 8 10 | 10.3
Armour         | 3 4 5 6 7 8 |  8.1
Shields        | 1 2 3 4 5 7 |  7.3
Evocations     | 2 3 4 |  4.7

Action                   |  1- 3 |  4- 6 |  7- 9 | 10-12 || total
-------------------------+-------+-------+-------+-------++-------
Melee: Falchion          |    62 |   137 |   295 |       ||   494
       Headbutt          |     9 |    24 |   121 |    93 ||   247
       Long sword        |       |       |   170 |   416 ||   586
Invok: Berserk           |       |       |     2 |     5 ||     7
       Trog's Hand       |       |       |     1 |     5 ||     6
  Use: Scroll            |       |     7 |     5 |       ||    12
       Potion            |       |       |       |     1 ||     1
  Eat: Chunk             |     2 |     3 |    11 |    14 ||    30
       Ration            |       |       |     1 |     2 ||     3
Armor: Leather armour    |    18 |     9 |       |       ||    27
       Plate armour      |       |    45 |   186 |   213 ||   444
Dodge: Dodged            |    46 |    38 |   142 |   152 ||   378
Block: Shield            |       |    66 |   228 |   241 ||   535
       Rpst.: Falchion   |    10 |     5 |    24 |       ||    39
       Long sword        |       |       |    23 |    37 ||    60

Table legend:
 A = Non-vault XP
 B = Vault XP
 C = Vault XP percentage of total XP
 D = Non-vault monster count
 E = Vault monster count
 F = Vault count percentage of total count
                 A         B        C        D         E       F
            +---------+---------+-------+---------+---------+-------
      Total |   11589 |    2880 |  19.9 |     198 |      56 |  22.0
            +---------+---------+-------+---------+---------+-------
        D:1 |      27 |       0 |   0.0 |      17 |       0 |   0.0
        D:2 |      58 |       0 |   0.0 |      18 |       0 |   0.0
        D:3 |      32 |       0 |   0.0 |      13 |       0 |   0.0
        D:4 |     453 |      18 |   3.8 |      14 |       3 |  17.6
        D:5 |     583 |     519 |  47.1 |      25 |      12 |  32.4
        D:6 |     722 |      90 |  11.1 |      18 |       1 |   5.3
        D:7 |     578 |    1402 |  70.8 |      13 |       8 |  38.1
        D:8 |    1754 |       0 |   0.0 |      16 |       0 |   0.0
        D:9 |    2467 |       0 |   0.0 |      40 |       0 |   0.0
       D:10 |     438 |       0 |   0.0 |       4 |       0 |   0.0
       D:11 |    4477 |       0 |   0.0 |      20 |       0 |   0.0
    Ossuary |       0 |     851 | 100.0 |       0 |      32 | 100.0
            +---------+---------+-------+---------+---------+-------
